 Dungeon Crawl Stone Soup version 0.31-a0-1338-gb567cfdca4 (webtiles) character file.

Game seed: 5846420672462567520

129 Curundu the Poker (level 4, -2/41 HPs)
             Began as a Minotaur Berserker on Dec 23, 2023.
             Was a Believer of Trog.
             Slain by a goblin
             ... wielding a +0 club
             ... led by Robin
              (3 damage)
             ... on level 2 of the Dungeon.
             The game lasted 00:03:56 (1553 turns).

Curundu the Poker (Minotaur Berserker)              Turns: 1553, Time: 00:03:57

Health: -2/41      AC:  2    Str: 23    XL:     4   Next: 88%
Magic:  3/3        EV: 12    Int:  4    God:    Trog [**....]
Gold:   81         SH:  0    Dex: 10    Spells: 3/3 levels left

rFire   . . .        a - +0 spear
rCold   . . .        (no shield)
rNeg    . . .        b - +0 animal skin
rPois   .            (helmet restricted)
rElec   .            (no cloak)
rCorr   .            (no gloves)
SInv    .            (no boots)
Will    .....        (no amulet)
Stlth   +            (no ring)
HPRegen 0.26/turn    (no ring)
MPRegen 0.08/turn

%: no passive effects
@: no status effects
A: horns 2, retaliatory headbutt
a: Renounce Religion, Berserk, Trog's Hand


You were on level 2 of the Dungeon.
You worshipped Trog.
Trog was pleased with you.
You visited 1 branch of the dungeon, and saw 2 of its levels.

You collected 81 gold pieces.

Inventory:

Hand Weapons
 a - a +0 spear (weapon)
Missiles
 c - 3 poisoned darts (quivered)
 f - 3 curare-tipped darts
Armour
 b - a +0 animal skin (worn)
Wands
 h - a wand of polymorph (14)
Scrolls
 d - 2 scrolls of teleportation {unknown}
 g - a scroll of enchant weapon {unknown}
 i - a scroll of identify {unknown}
 j - a scroll of amnesia {unknown}
Potions
 e - 2 potions of mutation {unknown}


   Skills:
 + Level 4.5 Fighting
 + Level 5.0 Polearms
 + Level 1.6 Throwing
 + Level 2.6 Armour
 + Level 2.9 Dodging
 + Level 0.4 Stealth


You had 3 spell levels left.
You didn't know any spells.
Your spell library was empty.

Dungeon Overview and Level Annotations

Branches:
Dungeon (2/15)

Altars:

Annotations:
D:2 Robin


Innate Abilities, Weirdness & Mutations

You have a pair of horns on your head.
You reflexively headbutt those who attack you in melee.


Message History

The goblin is severely wounded.
The goblin closely misses you. You furiously retaliate!
You headbutt the goblin!
You kill the goblin!
Trog accepts your kill.
The goblin shoots a sling bullet.
The sling bullet barely misses you. The bat hits you.
The bat closely misses you. Robin throws the goblin at you!
The goblin unwields a +0 sling.
The goblin wields a +0 club.
The goblin barely misses you.
The goblin unwields a +0 sling.
The goblin wields a +0 dagger.
The goblin barely misses you.
Items here: )))) †††.
You hit the goblin but do no damage. The bat hits you but does no damage.
The goblin hits you with a +0 club.
* * * LOW HITPOINT WARNING * * *
The goblin barely misses you. The goblin hits you with a +0 dagger.
* * * LOW HITPOINT WARNING * * *
You closely miss the goblin. The bat hits you but does no damage.
The goblin closely misses you. You furiously retaliate!
You headbutt the goblin. The goblin closely misses you.
You barely miss the goblin.
The goblin is almost dead.
The bat hits you.
* * * LOW HITPOINT WARNING * * *
The goblin barely misses you. The goblin hits you with a +0 club.
* * * LOW HITPOINT WARNING * * *
You closely miss the goblin. Your headbutt misses the goblin.
The goblin is almost dead.
The goblin no longer looks unusually strong. x2
The bat hits you but does no damage. The goblin hits you with a +0 club.
* * * LOW HITPOINT WARNING * * *
The goblin hits you with a +0 dagger.
* * * LOW HITPOINT WARNING * * *
You closely miss the goblin.
The goblin is almost dead.
The bat hits you.
* * * LOW HITPOINT WARNING * * *
The goblin hits you with a +0 club.
* * * LOW HITPOINT WARNING * * *
The goblin hits you with a +0 club.
You die...

#####.##......####
#.....##.....##
#.######.<... .##
#.# #.## ... #.#
.. #.. #.# ... #.#
... #g# ...
####@######. ...
#.gggbg..... ...
#..gggg..... ...
#........... ...
#....#...... ...
#....#...... ...
#....#......
######..!... .....


You could see Robin, a hobgoblin (strong), 7 goblins and a bat.

Vanquished Creatures
  Natasha (thrice) (D:2)
  An adder (D:2)
  A worm (D:2)
  2 dart slugs (D:2)
  4 ball pythons
  5 endoplasms
  A giant cockroach (D:1)
  6 goblins
  5 hobgoblins
  A quokka (D:2)
  3 bats
  2 frilled lizards (D:2)
  8 rats
42 creatures vanquished.

Notes
Turn   | Place    | Note
-------+----------+-------------------------------------------
     0 | D:1      | Curundu the Minotaur Berserker began the quest for the Orb.
     0 | D:1      | Reached XP level 1. HP: 19/19 MP: 0/0
   372 | D:1      | Reached XP level 2. HP: 27/27 MP: 1/1
   611 | D:1      | Reached skill level 4 in Polearms
  1004 | D:2      | Reached ** piety under Trog
  1023 | D:2      | Reached XP level 3. HP: 20/33 MP: 2/2
  1095 | D:2      | Noticed Natasha
  1101 | D:2      | Killed Natasha
  1102 | D:2      | Reached skill level 1 in Throwing
  1112 | D:2      | Noticed Natasha
  1123 | D:2      | Killed Natasha
  1124 | D:2      | Reached XP level 4. HP: 6/41 MP: 3/3
  1342 | D:2      | Noticed Natasha
  1352 | D:2      | Killed Natasha
  1353 | D:2      | Reached skill level 5 in Polearms
  1531 | D:2      | Noticed Robin
  1553 | D:2      | HP: 1/41 [goblin/+0 club[Robin] (3)]
  1553 | D:2      | Slain by a goblin

Illustrated notes

Levels and vault maps discovered:
D:1:      spicycebolla_arrival_ecumenical, layout_loops_corners
D:2:      layout_rooms, serial_bayou_pond_d, st_stairs_7, uniq_natasha,
          uniq_robin

Skill      XL: |  1  2  3  4 |
---------------+-------------+-----
Polearms       | 4 5 |  5.0
Fighting       | 4 |  4.5
Throwing       | 1 |  1.6
Armour         | |  2.6
Dodging        | |  2.9
Stealth        | |  0.4

Action                     |  1- 3 |  4- 6 || total
---------------------------+-------+-------++-------
  Melee: Spear             |    57 |    39 ||    96
         Headbutt          |     8 |     5 ||    13
         Punch             |     1 |       ||     1
  Throw: Dart              |    17 |       ||    17
 Armour: Animal skin       |    22 |    40 ||    62
  Dodge: Dodged            |    32 |    29 ||    61

Table legend: (Time is in decaauts)
 A = Elapsed time spent in this place.
 B = Non-inter-level travel time spent in this place.
 C = Inter-level travel time spent in this place.
 D = Time resting spent in this place.
 E = Time spent auto-exploring this place.
 F = Levels seen in this place.
 G = Mean time per level.
                   A        B        C        D        E       F      G
               +--------+--------+--------+--------+--------+-----+--------+
         Total |   1541 |   1541 |      0 |      0 |   1171 |   2 |  770.5 |
       Dungeon |   1541 |   1541 |      0 |      0 |   1171 |   2 |  770.5 |
               +--------+--------+--------+--------+--------+-----+--------+

Top non-repeatable levels by time:
     D:1: 977 daAuts
     D:2: 563 daAuts
